 Dungeon Crawl Stone Soup version 0.20-a0-1089-g3fde505 (webtiles) character file.

522792 magipi the Warrior (level 25, -11/195 HPs)
             Began as a Gnoll Berserker on Apr 23, 2017.
             Was a High Priest of Trog.
             Killed from afar by a shadow dragon (25 damage)
             ... with a bolt of negative energy
             ... on level 5 of the Vaults on May 3, 2017.
             The game lasted 07:07:52 (76359 turns).

magipi the Warrior (Gnoll Berserker)               Turns: 76359, Time: 07:07:53

Health: -11/195    AC: 26    Str: 24    XL:     25   Next: 94%
Magic:  0/31       EV: 26    Int: 18    God:    Trog [*****.]
Gold:   1119       SH: 10    Dex: 25    Spells: 24/24 levels left

rFire    + + .     SeeInvis +   b - +11 eveningstar of Theory {crush, rPois rC+ Str+5}
rCold    + . .     Gourm    .   u - +2 buckler {AC+3}
rNeg     . . .     Faith    +   O - +4 scale mail of the Worm {rElec rF+ MR+}
rPois    +         Spirit   +   J - +2 helmet
rElec    +         Reflect  .   e - scarf {Spirit}
rCorr    .         Harm     .   H - +2 pair of gloves
MR       +++..                  T - +1 pair of boots of the Trombone {Int+3 Dex+2 SInv}
Stlth    +.........             d - amulet of faith
Regen    0.5/turn               p - ring of Miracles {rPois MR+ Str-2 Dex+6}
MPRegen  0.3/turn               f - ring "Wufetitz" {rF+ EV+3 Int+4 SInv}

@: very slightly contaminated, drained
A: short attention span, fangs 1, strong nose
}: 2/15 runes: barnacled, gossamer
a: Berserk, Trog's Hand, Brothers in Arms, Burn Spellbooks, Renounce Religion


You were on level 5 of the Vaults.
You worshipped Trog.
Trog was extremely pleased with you.
You were not hungry.

You visited 8 branches of the dungeon, and saw 42 of its levels.
You visited the Abyss 1 time.
You visited 1 bazaar.
You also visited: Trove and Sewer.

You collected 4710 gold pieces.
You spent 3591 gold pieces at shops.

Notes
Turn   | Place    | Note
-------+----------+-------------------------------------------
     0 | D:1      | magipi the Gnoll Berserker began the quest for the Orb.
     0 | D:1      | Reached XP level 1. HP: 20/20 MP: 1/1
   146 | D:1      | Reached skill level 5 in Maces & Flails
   147 | D:1      | Reached XP level 2. HP: 18/26 MP: 2/2
   580 | D:1      | Reached XP level 3. HP: 31/31 MP: 3/3
   759 | D:1      | Reached ** piety under Trog
  1248 | D:2      | Found a basalt altar of Yredelemnul.
  1434 | D:3      | Reached skill level 5 in Fighting
  1449 | D:3      | Found a glowing drain.
  1491 | D:3      | Reached XP level 4. HP: 37/39 MP: 4/4
  1588 | Sewer    | Entered a sewer
  1806 | Sewer    | Reached XP level 5. HP: 41/44 MP: 5/5
  2207 | D:3      | Reached *** piety under Trog
  2241 | D:3      | Reached skill level 6 in Fighting
  2392 | D:3      | Reached XP level 6. HP: 28/52 MP: 6/6
  2617 | D:3      | Found a shadowy altar of Dithmenos.
  3238 | D:3      | Reached skill level 5 in Armour
  3297 | D:4      | Reached skill level 5 in Dodging
  3313 | D:4      | Reached XP level 7. HP: 59/59 MP: 7/7
  3393 | D:4      | Reached skill level 7 in Fighting
  3678 | D:4      | Found a white marble altar of Elyvilon.
  3736 | D:4      | Reached skill level 1 in Throwing
  3909 | D:5      | Entered Level 5 of the Dungeon
  4030 | D:5      | Received a gift from Trog
  4797 | D:6      | Reached **** piety under Trog
  4826 | D:6      | You fall through a shaft for 3 floors!
  4832 | D:9      | Noticed a hungry ghost
  4832 | D:9      | Noticed a hungry ghost
  4832 | D:9      | Noticed a hungry ghost
  4833 | D:9      | Found a staircase to the Orcish Mines.
  4855 | D:9      | Reached XP level 8. HP: 53/67 MP: 8/8
  5398 | D:9      | Noticed Maurice
  5488 | D:9      | Reached skill level 5 in Throwing
  5529 | D:9      | Found a staircase to the Lair.
  5598 | D:8      | Noticed a yak
  5870 | D:6      | Noticed Duffy's ghost (novice NaFi)
  5980 | D:7      | Noticed a hippogriff
  6020 | D:6      | Reached XP level 9. HP: 51/72 MP: 6/9
  6191 | D:6      | Found a white marble altar of Elyvilon.
  6501 | D:6      | Found a glowing golden altar of the Shining One.
  6576 | D:6      | Found a staircase to the Ecumenical Temple.
  6601 | D:6      | Reached skill level 1 in Evocations
  7519 | D:8      | Reached skill level 5 in Evocations
  7521 | D:8      | Reached ***** piety under Trog
  7787 | D:8      | Found a shattered altar of Ashenzari.
  7843 | D:8      | Noticed Gorice's ghost (novice KoEn)
  7915 | D:8      | Noticed a polar bear
  7915 | D:8      | Noticed a two-headed ogre
  8450 | D:8      | Got a fine buckler
  8456 | D:8      | Identified the +2 buckler of the Ancient Emperors {SInv} (You found it on level 8 of the Dungeon)
  8493 | D:8      | Killed a two-headed ogre
  8493 | D:8      | Reached XP level 10. HP: 79/79 MP: 15/15
  8715 | D:8      | Received a gift from Trog
  9208 | D:8      | Noticed a cyclops
  9221 | D:8      | Killed a cyclops
  9221 | D:8      | Reached skill level 10 in Maces & Flails
  9233 | D:8      | Got a vibrating iron ring
  9396 | D:9      | Received a gift from Trog
  9638 | D:9      | Noticed an unseen horror
  9986 | D:9      | Killed an unseen horror
 10380 | D:9      | Reached XP level 11. HP: 84/84 MP: 14/17
 10881 | D:9      | Found a staircase to the Lair.
 10962 | D:9      | Found a staircase to the Orcish Mines.
 11045 | D:9      | Noticed Maurice
 11045 | D:9      | Maurice changed into Maurice the water moccasin
 11051 | D:9      | Killed Maurice the water moccasin
 11061 | D:10     | Entered Level 10 of the Dungeon
 11374 | D:10     | Identified the ring of Miracles {rPois MR+ Str-2 Dex+6} (You found it on level 8 of the Dungeon)
 11544 | D:10     | Noticed Psyche
 11548 | D:10     | Killed Psyche
 11663 | D:10     | Noticed a two-headed ogre
 11669 | D:10     | Killed a two-headed ogre
 11685 | D:10     | Got a smoking trident
 11834 | D:10     | Identified the +2 trident "Hief" {pierce, +Inv Str-5 Stlth+} (You found it on level 10 of the Dungeon)
 11872 | D:10     | Noticed a two-headed ogre
 11884 | D:10     | Killed a two-headed ogre
 11986 | D:6      | Killed Duffy's ghost
 12305 | D:8      | Killed Gorice's ghost
 12455 | Orc:1    | Entered Level 1 of the Orcish Mines
 12455 | Orc:1    | Noticed an orc knight
 12720 | Lair:1   | Entered Level 1 of the Lair of Beasts
 13182 | Lair:1   | Received a gift from Trog
 13286 | Lair:1   | Reached skill level 10 in Evocations
 13286 | Lair:1   | Reached XP level 12. HP: 78/91 MP: 17/19
 13696 | Lair:2   | Found a hole to the Spider Nest.
 14060 | Lair:2   | Received a gift from Trog
 14139 | Lair:2   | Reached skill level 10 in Dodging
 15285 | Lair:4   | Noticed a seven-headed hydra
 15293 | Lair:4   | Killed a seven-headed hydra
 15594 | Lair:4   | Reached skill level 10 in Armour
 15748 | Lair:4   | Found a staircase to the Shoals.
 15794 | Lair:4   | Reached XP level 13. HP: 77/96 MP: 20/20
 15970 | Lair:4   | Received a gift from Trog
 16640 | Lair:6   | Entered Level 6 of the Lair of Beasts
 16767 | Lair:6   | Reached skill level 10 in Fighting
 16767 | Lair:6   | Reached XP level 14. HP: 105/110 MP: 22/22
 17236 | Lair:6   | Noticed Nessos
 17264 | Lair:6   | Killed Nessos
 17898 | Lair:6   | Received a gift from Trog
 17913 | Lair:6   | Found a viscous altar of Jiyva.
 17914 | Lair:6   | Found a staircase to the Slime Pits.
 18168 | Lair:6   | Received a gift from Trog
 18558 | Lair:6   | Got a blackened plate armour
 18559 | Lair:6   | Identified the +1 plate armour "Cienuxipt" {+Blink Regen+ rCorr Int-2} (You found it on level 6 of the Lair of Beasts)
 18879 | Lair:3   | Reached ****** piety under Trog
 19319 | Orc:1    | Reached XP level 15. HP: 116/117 MP: 21/23
 19395 | Orc:2    | Entered Level 2 of the Orcish Mines
 19493 | Orc:1    | Noticed nht's ghost (journeyman OpBe)
 19530 | Orc:2    | Received a gift from Trog
 19586 | Orc:1    | Killed nht's ghost
 19620 | Orc:2    | Found a staircase to the Elven Halls.
 19820 | Orc:2    | Found Orowoh's Antique Weapon Shop.
 19990 | Orc:2    | Received a gift from Trog
 20702 | Orc:2    | Noticed an orc warlord
 20732 | Orc:2    | Killed an orc warlord
 20819 | Orc:2    | Received a gift from Trog
 20983 | Orc:2    | Received a gift from Trog
 21082 | Orc:2    | Found Rizyorao's Antique Armour Emporium.
 21083 | Orc:2    | Found Tiutawny's Antique Weapon Emporium.
 21084 | Orc:2    | Found Udopou's General Store.
 21084 | Orc:2    | Found Vuleet's Jewellery Shoppe.
 21100 | Orc:2    | Bought a shiny helmet for 187 gold pieces
 21171 | Orc:2    | Bought a cursed -3 ring of protection for 36 gold pieces
 21171 | Orc:2    | Bought a cursed ring of loudness for 81 gold pieces
 21171 | Orc:2    | Bought the ring "Wufetitz" {rF+ EV+3 Int+4 SInv} for 856 gold pieces
 21171 | Orc:2    | Bought a cursed amulet of inaccuracy for 36 gold pieces
 21811 | D:11     | Noticed sveltemanboy's ghost (novice DsMo)
 21844 | D:11     | Killed sveltemanboy's ghost
 22050 | D:11     | Reached skill level 11 in Fighting
 22055 | D:11     | Received a gift from Trog
 22066 | D:11     | Got a transparent copper ring
 22067 | D:11     | Identified the ring of the Centipede {rC- MP-9 Str+5 Int+8 Slay+5} (You found it on level 11 of the Dungeon)
 22354 | D:12     | Found a portal to a secret trove of treasure.
 23323 | D:13     | Noticed Azrael
 23341 | D:13     | Killed Azrael
 23342 | D:13     | Received a gift from Trog
 23896 | D:13     | Noticed Kirke
 23920 | D:13     | Killed Kirke
 23931 | D:13     | Found Led Moismedy's Armour Shop.
 23970 | D:13     | Noticed Urug
 23990 | D:13     | Killed Urug
 24043 | D:13     | Received a gift from Trog
 24645 | D:14     | Reached XP level 16. HP: 86/126 MP: 16/24
 24925 | D:14     | Found a gate to the Vaults.
 25419 | D:14     | Received a gift from Trog
 25720 | D:15     | Entered Level 15 of the Dungeon
 26435 | D:15     | Received a gift from Trog
 26483 | D:15     | Found a staircase to the Depths.
 26821 | D:15     | Upgraded the game from 0.20-a0-1040-gfd09691 to 0.20-a0-1050-g57248f3
 27232 | Spider:1 | Entered Level 1 of the Spider Nest
 27324 | Spider:1 | Noticed Louise
 27345 | Spider:1 | Killed Louise
 28157 | Spider:1 | Received a gift from Trog
 29202 | Spider:2 | Reached skill level 12 in Fighting
 29528 | Spider:2 | Received a gift from Trog
 29911 | Spider:3 | Reached skill level 1 in Polearms
 30153 | Spider:3 | Reached XP level 17. HP: 126/133 MP: 22/25
 30698 | Spider:3 | Received a gift from Trog
 30775 | Spider:3 | Reached skill level 10 in Throwing
 30785 | Spider:3 | Reached skill level 5 in Polearms
 31172 | Spider:4 | Entered Level 4 of the Spider Nest
 31194 | Spider:4 | Noticed Paps's ghost (adept DsFi)
 31944 | Spider:4 | Identified a scroll of acquirement
 31974 | Spider:3 | Got a pair of encrusted boots
 31975 | Spider:3 | Identified the +1 pair of boots of the Trombone {Int+3 Dex+2 SInv} (You acquired it on level 3 of the Spider Nest)
 32258 | Spider:4 | Killed Paps's ghost
 32258 | Spider:4 | Received a gift from Trog
 32749 | Spider:4 | Received a gift from Trog
 32777 | Spider:4 | Noticed Arachne
 32797 | Spider:4 | Killed Arachne
 33123 | Spider:4 | Reached skill level 10 in Polearms
 33624 | Spider:3 | Received a gift from Trog
 34191 | Spider:4 | Got a gossamer rune of Zot
 34360 | Shoals:1 | Entered Level 1 of the Shoals
 34374 | Lair:4   | Reached XP level 18. HP: 139/140 MP: 26/26
 34433 | Shoals:1 | Received a gift from Trog
 34548 | Shoals:1 | Reached skill level 10 in Shields
 34965 | Shoals:1 | Received a gift from Trog
 35042 | Shoals:1 | Noticed Agrougrou's ghost (adept FoFi)
 35223 | Shoals:1 | Killed Agrougrou's ghost
 36817 | Shoals:2 | Noticed Polyphemus
 37089 | Shoals:2 | Received a gift from Trog
 37679 | Shoals:2 | Killed Polyphemus
 37744 | Shoals:3 | Found a flickering gateway to a bazaar.
 37832 | Bazaar   | Entered a bazaar
 37836 | Bazaar   | Found Afiyduwa's Jewellery Boutique.
 37855 | Bazaar   | Found Lied's Assorted Antiques.
 37872 | Bazaar   | Found Piycs's Weapon Boutique.
 37889 | Bazaar   | Found Vadimp's Antique Weapon Shoppe.
 37927 | Bazaar   | Bought an amber-studded scale mail for 162 gold pieces
 37927 | Bazaar   | Bought a scroll of teleportation for 54 gold pieces
 37927 | Bazaar   | Bought a scroll of enchant armour for 135 gold pieces
 37927 | Bazaar   | Identified the +3 scale mail of Knowledge {MR+} (You bought it in a shop in a bazaar)
 39634 | Shoals:4 | Entered Level 4 of the Shoals
 39958 | Shoals:4 | Received a gift from Trog
 40271 | Shoals:3 | Received a gift from Trog
 40760 | Shoals:4 | Noticed Ilsuiw
 40823 | Shoals:3 | Reached XP level 19. HP: 129/146 MP: 23/27
 41236 | Shoals:3 | Received a gift from Trog
 41417 | Shoals:4 | Received a gift from Trog
 42072 | Shoals:3 | Received a gift from Trog
 42404 | Shoals:4 | Killed Ilsuiw
 42501 | Shoals:4 | Got a barnacled rune of Zot
 42842 | Vaults:1 | Entered Level 1 of the Vaults
 43227 | Vaults:1 | Found Watilim's General Store.
 43461 | Vaults:1 | Received a gift from Trog
 43698 | Vaults:1 | Received a gift from Trog
 43716 | Vaults:1 | Found Teumep's Armour Boutique.
 44815 | Vaults:1 | Received a gift from Trog
 45004 | Vaults:1 | Found Edobaah's Armour Shop.
 45042 | Vaults:1 | Bought the +7 Kryia's mail coat {PotionHeal*2 rC+} for 1080 gold pieces
 45514 | Vaults:1 | Reached XP level 20. HP: 153/153 MP: 28/28
 46627 | Vaults:2 | Received a gift from Trog
 47047 | Vaults:2 | Received a gift from Trog
 47867 | Vaults:2 | Paralysed by a great orb of eyes for 2 turns
 48409 | Vaults:2 | Found a staircase to the Crypt.
 48684 | Vaults:2 | Upgraded the game from 0.20-a0-1050-g57248f3 to 0.20-a0-1058-g0491fde
 49113 | Vaults:3 | Received a gift from Trog
 50110 | Vaults:3 | Paralysed by a sphinx for 7 turns
 50569 | Vaults:3 | Received a gift from Trog
 50746 | Vaults:3 | Reached XP level 21. HP: 71/160 MP: 13/29
 51817 | Vaults:3 | Received a gift from Trog
 52024 | Vaults:3 | Found Wyimiwn's General Store.
 52032 | Vaults:3 | Bought a scroll of fog for 28 gold pieces
 52032 | Vaults:3 | Bought a potion of haste for 140 gold pieces
 52032 | Vaults:3 | Bought a potion of heal wounds for 70 gold pieces
 53257 | Vaults:4 | Paralysed by a great orb of eyes for 5 turns
 53268 | Vaults:4 | Paralysed by a great orb of eyes for 3 turns
 53555 | Vaults:4 | Found a radiant altar of Vehumet.
 53615 | Vaults:4 | Got an encrusted hat
 53617 | Vaults:4 | Identified the +0 hat "Xyiwaock" {rC++} (You found it on level 4 of the Vaults)
 53641 | Vaults:4 | Received a gift from Trog
 54205 | Vaults:4 | Cast into level 1 of the Abyss (vault sentinel)
 54207 | Abyss:1  | Found a corrupted altar of Lugonu.
 54583 | Vaults:4 | Escaped the Abyss
 55590 | Vaults:4 | Identified the +4 scale mail of the Worm {rElec rF+ MR+} (You found it on level 4 of the Vaults)
 55670 | Vaults:4 | Received a gift from Trog
 55973 | Vaults:4 | Reached XP level 22. HP: 168/168 MP: 30/30
 56039 | Vaults:4 | Reached skill level 13 in Fighting
 56318 | Vaults:4 | Received a gift from Trog
 56709 | Depths:1 | Entered Level 1 of the Depths
 56984 | Depths:1 | Received a gift from Trog
 57163 | Depths:1 | Found Muocuopnu's Book Emporium.
 57217 | Depths:1 | Found Susmy's Weapon Shoppe.
 57269 | Depths:1 | Found a one-way gate to the infinite horrors of the Abyss.
 57694 | Depths:1 | Found a gateway to Hell.
 58267 | Depths:1 | Received a gift from Trog
 58397 | Depths:1 | Received a gift from Trog
 58437 | Depths:1 | Found a runed door.
 58595 | Depths:1 | Found a radiant altar of Vehumet.
 58595 | Depths:1 | Noticed an ancient lich
 58618 | Depths:1 | Killed an ancient lich
 58860 | Depths:1 | Received a gift from Trog
 58910 | Depths:1 | Received a gift from Trog
 60369 | Depths:2 | Reached XP level 23. HP: 153/176 MP: 28/31
 60419 | Depths:2 | Received a gift from Trog
 60647 | Depths:2 | Received a gift from Trog
 61266 | Depths:2 | Received a gift from Trog
 61816 | Depths:3 | Found a gateway to a ziggurat.
 62402 | Depths:3 | Received a gift from Trog
 62422 | Depths:3 | Received a gift from Trog
 62744 | Depths:3 | Noticed a juggernaut
 62759 | Depths:3 | Killed a juggernaut
 62768 | Depths:3 | Noticed a juggernaut
 62774 | Depths:3 | Killed a juggernaut
 63476 | Depths:3 | Noticed Margery
 63505 | Depths:3 | Killed Margery
 63527 | Depths:3 | Reached skill level 14 in Fighting
 63752 | Depths:3 | Found a one-way gate leading to the halls of Pandemonium.
 64435 | Depths:3 | Noticed a golden dragon
 64457 | Depths:3 | Killed a golden dragon
 64629 | Depths:3 | Reached XP level 24. HP: 169/184 MP: 29/31
 64973 | Depths:3 | Received a gift from Trog
 66329 | Depths:3 | Upgraded the game from 0.20-a0-1058-g0491fde to 0.20-a0-1062-g7b787ac
 66475 | Depths:4 | Received a gift from Trog
 66833 | Depths:4 | Upgraded the game from 0.20-a0-1062-g7b787ac to 0.20-a0-1074-g6a0a8e1
 67507 | Depths:4 | Noticed Boris
 67528 | Depths:4 | Killed Boris
 68597 | Depths:4 | Found a sacrificial altar of Ru.
 68722 | Depths:4 | Received a gift from Trog
 68953 | Depths:4 | Paralysed by a floating eye for 2 turns
 69634 | Hell     | Entered the Vestibule of Hell
 69645 | Hell     | Noticed Murray
 69749 | Hell     | Killed Murray
 70183 | Hell     | Noticed Geryon
 70257 | Hell     | Killed Geryon
 70553 | Hell     | Found a gateway to the decaying netherworld of Tartarus.
 70960 | Hell     | Reached XP level 25. HP: 165/193 MP: 27/31
 71345 | D:12     | You paid a toll of the horn of Geryon to enter a treasure trove
 71346 | Trove    | Entered a treasure trove
 71410 | Trove    | Identified the +11 eveningstar of Theory {crush, rPois rC+ Str+5} (You found it in a treasure trove)
 71413 | Trove    | Identified the +1 eveningstar of the Eternal Void {elec, MR+} (You found it in a treasure trove)
 71754 | Depths:1 | Received a gift from Trog
 72453 | Hell     | Found a gateway to the Iron City of Dis.
 72469 | Hell     | Found a gateway to the freezing wastes of Cocytus.
 72534 | Hell     | Found a gateway to the ashen valley of Gehenna.
 72551 | Hell     | Upgraded the game from 0.20-a0-1074-g6a0a8e1 to 0.20-a0-1078-g4874019
 72551 | Hell     | Upgraded the game from 0.20-a0-1078-g4874019 to 0.20-a0-1086-g4bd2f5b
 72551 | Hell     | Upgraded the game from 0.20-a0-1086-g4bd2f5b to 0.20-a0-1089-g3fde505
 72673 | Depths:5 | Entered Level 5 of the Depths
 73141 | Depths:5 | Noticed a juggernaut
 73171 | Depths:5 | Killed a juggernaut
 73180 | Depths:5 | Received a gift from Trog
 73351 | Depths:5 | Reached skill level 15 in Fighting
 73560 | Depths:5 | Found Nuohevur's Food Shop.
 73648 | Depths:5 | Found Mefam's Food Shoppe.
 74112 | Depths:5 | Found a gate to the Realm of Zot.
 74846 | Depths:5 | Noticed Sojobo
 74906 | Depths:5 | Received a gift from Trog
 74921 | Depths:5 | Killed Sojobo
 75012 | Depths:5 | Found Saoth's Book Shop.
 75276 | Depths:5 | Found Ruucvel's Food Emporium.
 75340 | Depths:5 | Found Ythrumm's Magic Scroll Shop.
 75345 | Depths:5 | Bought a scroll of fog for 44 gold pieces
 75345 | Depths:5 | Bought a scroll of recharging for 209 gold pieces
 75345 | Depths:5 | Bought a scroll of silence for 165 gold pieces
 75345 | Depths:5 | Bought a scroll of teleportation for 66 gold pieces
 75345 | Depths:5 | Bought a scroll of blinking for 165 gold pieces
 75345 | Depths:5 | Bought a scroll of magic mapping for 77 gold pieces
 76185 | Vaults:5 | Entered Level 5 of the Vaults
 76359 | Vaults:5 | Killed from afar by a shadow dragon

Inventory:

Hand Weapons
 a - a +4 demon trident of flaming
 b - the +11 eveningstar of Theory (weapon) {crush, rPois rC+ Str+5}
   (You found it in a treasure trove)

   It inflicts extra damage upon your enemies.
   It affects your strength (+5).
   It protects you from cold.
   It protects you from poison.
 C - a +6 demon trident
Missiles
 q - 23 javelins of penetration
 v - 20 poisoned javelins (quivered)
 P - 4 throwing nets
Armour
 e - a scarf of spirit shield (worn)
 s - the +7 Kryia's mail coat {PotionHeal*2 rC+}
   (You bought it in a shop on level 1 of the Vaults)

   It protects you from cold.
 u - a +2 buckler of protection (worn)
 H - a +2 pair of gloves (worn)
 J - a +2 helmet (worn)
 O - the +4 scale mail of the Worm (worn) {rElec rF+ MR+}
   (You found it on level 4 of the Vaults)

   It protects you from fire.
   It insulates you from electricity.
   It affects your resistance to hostile enchantments.
 T - the +1 pair of boots of the Trombone (worn) {Int+3 Dex+2 SInv}
   (You acquired it on level 3 of the Spider Nest)

   It affects your intelligence (+3).
   It affects your dexterity (+2).
   It lets you see invisible.
Jewellery
 c - an uncursed ring of protection from cold
 d - an amulet of faith (around neck)
 f - the ring "Wufetitz" (right hand) {rF+ EV+3 Int+4 SInv}
   (You bought it in a shop on level 2 of the Orcish Mines)

   [ring of evasion]

   It affects your evasion (+3).
   It affects your intelligence (+4).
   It protects you from fire.
   It lets you see invisible.
 n - an uncursed ring of positive energy
 p - the ring of Miracles (left hand) {rPois MR+ Str-2 Dex+6}
   (You found it on level 8 of the Dungeon)

   [ring of dexterity]

   It affects your strength (-2).
   It affects your dexterity (+6).
   It protects you from poison.
   It affects your resistance to hostile enchantments.
 M - an uncursed ring of resist corrosion
Wands
 g - a wand of lightning (0/15)
 h - a wand of digging (8/24)
 y - a wand of polymorph (10/24)
 z - a wand of digging (6/24)
 I - a wand of lightning (3/15)
 N - a wand of clouds (0/9)
 R - a wand of disintegration (4/24)
Scrolls
 i - 17 scrolls of remove curse
 j - 18 scrolls of identify
 k - 4 scrolls of teleportation
 o - 7 scrolls of blinking
 t - 2 scrolls of recharging
 w - a scroll of fear
 A - a scroll of silence
 B - a scroll of summoning
 D - 3 scrolls of fog
 U - 3 scrolls of magic mapping
Potions
 l - a potion of might
 r - 12 potions of curing
 E - a potion of agility
 F - 2 potions of cancellation
 G - 4 potions of haste
 K - a potion of magic
 Q - 3 potions of flight
 V - 3 potions of invisibility
Comestibles
 m - 5 meat rations
 x - 5 bread rations


   Skills:
 + Level 15.4(14.6) Fighting
 + Level 13.7(13.0) Maces & Flails
 - Level 14.1(13.3) Polearms
 - Level 10.0(9.3) Throwing
 - Level 14.0(13.3) Armour
 - Level 14.0(13.2) Dodging
 - Level 11.0(10.2) Shields
 - Level 11.0(10.2) Evocations


You had 24 spell levels left.
You didn't know any spells.

Dungeon Overview and Level Annotations

Branches:
Dungeon (15/15)            Temple (0/1) D:6            Lair (6/6) D:9
 Shoals (4/4) Lair:4       Spider (4/4) Lair:2        Slime (0/5) Lair:6
    Orc (2/2) D:9             Elf (0/3) Orc:2        Vaults (5/5) D:14
  Crypt (0/3) Vaults:2     Depths (5/5) D:15           Hell (1/1)
    Dis (0/7) Hell            Geh (0/7) Hell            Coc (0/7) Hell
    Tar (0/7) Hell            Zot (0/5) Depths:5

Altars:
Ashenzari
Dithmenos
Elyvilon
Ru
Vehumet
Yredelemnul
The Shining One
Jiyva

Shops:
D:13 [   Orc:2 [*(=(   Vaults:1 [*[   Vaults:3 *   Depths:1 (:   Depths:5 ?%%%:

Portals:
Hell: Depths:1 Depths:2 Depths:3 Depths:4 Depths:5
Abyss: Depths:1 Depths:4
Pandemonium: Depths:3
Ziggurat: Depths:3

Annotations:
D:11 exclusions: ice statue and orange crystal statue
Lair:6 exclusion: 3 oklob plants


Innate Abilities, Weirdness & Mutations

You have a short attention span.
You have very sharp teeth.
Your uncanny sense of smell can sniff out nearby items.

Vault maps used:
D:1:      erik_arrival_triangle_small
D:2:      nicolae_overflow_crystal_walls
D:3:      overflow_temple_1_default, gup_sewer_entry_glass, first_bread,
          minmay_tree_intersection
D:4:      elyvilon_altar_1
D:6:      kennysheep_little_box, lemuel_coloured_pillars_altar,
          minmay_temple_entry_overgrown, minmay_crystal_room
D:7:      kennysheep_mini, serial_bayou_lagoon_a, minmay_misc_feat_square
D:8:      kennysheep_windowed_halls, evilmike_ruin_ashenzari, serial_ice,
          serial_ice_b, serial_ice_o, serial_ice_m, serial_ice_n, serial_ice_i,
          serial_ice_h, serial_ice_d, serial_ice_g
D:9:      lair_entry_dummy, zombieorc2_lemuel, hangedman_little_slice_of_home,
          unseen_surprise_small, uniq_maurice
D:10:     uniq_psyche
D:11:     david_greed
D:12:     nicolae_trove_entry_path_of_doom
D:13:     kennysheep_spiral_hall, serial_shops, shop, uniq_azrael, uniq_urug,
          uniq_kirke
D:14:     david_vaults_1, hangedman_decor_growths
D:15:     gammafunk_enter_depths_forms, small_statue_alley_a, roderic_batcave
Lair:2:   spider_nest_entry_web_field, grunt_megastairs_5
Lair:3:   grunt_forest_stairs_clearing, infiniplex_staircase_pool_2
Lair:4:   minmay_shoals_entry_beasts
Lair:5:   lemuel_fruit_fields, grunt_megastairs_1
Lair:6:   gammafunk_lair_ancient_temple, slime_altar_1, minivault_27,
          fungi_pond_lemuel, minivault_25, infiniplex_staircase_pool,
          minmay_lair_oklob_chamber, uniq_nessos
Shoals:1: cheibrodos_shoals_oceanic_diplomacy
Shoals:2: uniq_polyphemus
Shoals:3: serial_shops, bzr_in_the_mist, nicolae_shoals_wave_tunnel
Shoals:4: shoals_end_grunt_garden, shoals_ilsuiw_ice, serial_shops, shop_coins
Spider:1: spider_trap, uniq_louise
Spider:3: guppyfry_hornet_nest
Spider:4: guppyfry_spider_rune, guppyfry_spider_mini_3, uniq_arachne
Orc:2:    st_orc_congregation, serial_shops, shop
Vaults:1: hangedman_vaults_stitches, nicolae_vaults_twisting_passages,
          ontoclasm_vaults_pinch, nicolae_vaults_hallways_thing, v_misc_12,
          v_pattern_3, nicolae_vaults_theta, ontoclasm_vaults_loading_screen,
          serial_shops, shop, shop, shop
Vaults:2: v_pattern_4, nicolae_vaults_sealed_display, v_misc_1,
          ontoclasm_vaults_claustrophobia, ontoclasm_vaults_loading_screen,
          nicolae_vaults_quadrants, minmay_crypt_entry_simple_box,
          v_alt_pattern_1, hangedman_vaults_capsules,
          nicolae_vaults_little_squares_2, nicolae_vaults_little_ls
Vaults:3: nicolae_vaults_halls_meeting, nicolae_vaults_network_star,
          dpeg_vaults_monster_row, nicolae_vaults_rhombus_6, vaults_mumra_lcd,
          nicolae_vaults_little_squares_3, hangedman_vaults_locks,
          hangedman_vaults_corner, dpeg_vaults_monster_box, v_misc_3,
          nicolae_vaults_asterisk, ontoclasm_vaults_tryst, serial_shops,
          nicolae_shop_behind_doors
Vaults:4: grunt_tower_of_power, vaults_room_corners, ontoclasm_vaults_twist,
          v_rooms_2, vaults_room_boxed, vaults_mumra_minichess,
          grunt_vaults_focal, nicolae_vaults_big_ls, v_alt_pattern_2,
          vaults_mumra_chevron
Depths:1: minmay_holes, abyss_entry, hell_entry, grunt_absolute_annihilation,
          minmay_shoptagon, firewood_loft
Depths:2: kennysheep_room_grid, pf_coc_iceberg, minmay_staircase_windowed_small,
          roderic_lattice_octagonal_star, serial_bayou_shore_b
Depths:3: evilmike_diamond_2, enter_ziggurat_d, special_room,
          grunt_pan_entry_spiral, hell_entry, kennysheep_generic_room_10,
          uniq_margery
Depths:4: mu_elephants_graveyard, hell_entry, lemuel_round_altar,
          abyss_entry_glasseish, infiniplex_staircase_pillars_1, uniq_boris
Depths:5: grunt_zot_entry_funnels, solitary_fountain, serial_shops,
          nicolae_shop_stone, shop, shop_statue, shop, nicolae_shop_trees,
          hell_entry, eino_tiny_chamber, basic_stair_grate_trap, uniq_sojobo
Bazaar:   bazaar_jpeg_circle_common
Trove:    trove_weapons_four_rooms
Sewer:    sewer_co_cracked_pipes


Message History

Unknown command.
You closely miss the vault guard.
You bite the vault guard, but do no damage.
The vault guard is severely wounded.
You block the vault guard's attack. x2; The vault guard closely misses you.
The vault guard hits you with a great mace!
Unknown command.
You hit the vault guard.
The vault guard is almost dead.
The vault guard misses you.
The vault guard completely misses you. x2
You impale the vault guard!!
You kill the vault guard!
Trog accepts your kill.
A shadow dragon comes into view.
You puncture the vault guard!
The vault guard is almost dead.
The vault guard hits you but does no damage.
The vault guard hits you from afar with a glaive.
You block the vault guard's attack. The vault guard completely misses you.
Unknown command.
The shadow dragon breathes negative energy at you.
The bolt of negative energy misses you. You block the vault guard's attack.
Items here: )) [[ a long sword; a scale mail; a falchion; a scale mail Unknown command.
A worker ant, a tentacled monstrosity and a vault sentinel come into view.
The deep elf high priest shouts!
The worker ant twitches its antennae in your direction.
The vault sentinel shouts!
The vault sentinel moves out of view.
The worker ant moves out of view.
Unknown command.
You hit the shadow dragon. Your bite misses the shadow dragon.
The shadow dragon is lightly wounded.
You block the shadow dragon's attack. The shadow dragon misses you.
The shadow dragon claws you but does no damage.
You block the vault guard's attack.
The vault guard hits you from afar with a glaive!
Unknown command.
As you read the scroll of teleportation, it crumbles to dust.
You feel strangely unstable.
The death knight's dark mirror aura disappears.
You block the shadow dragon's attack. The shadow dragon misses you.
The shadow dragon claws you but does no damage.
You block the vault guard's attack.
Unknown command.
Unknown command.
The storm dragon roars deafeningly!
You hear a deafening roar!
The vault guard barely misses you.
Unknown command.
Your surroundings suddenly seem different.
You block the golden dragon's attack. The golden dragon claws you!
The golden dragon misses you.
Found seven items.
A golden dragon and a tentacled monstrosity come into view.
Unknown command.
Unknown command.
You feel the effects of Trog's Hand fading.
Found 19 stones and a scroll of identify.
You see here a helmet.
Found a phantom mirror.
The golden dragon breathes cold at you. The bolt of cold hits you! You resist.
You hear a deafening roar! x2; You hear a shout! x2
Unknown command.
You found an alarm trap!
Found an amulet of inaccuracy.
A fire giant comes into view.
It is wielding a great sword of flaming.
As you read the scroll of teleportation, it crumbles to dust.
You feel strangely unstable.
Your skin stops crawling.
You feel less resistant to hostile enchantments.
Unknown command.
Found a chain mail.
The fire giant points at you and mumbles some strange words.
The fireball explodes!
The fireball engulfs you! You resist.
* * * LOW HITPOINT WARNING * * *
You hear a shout!
You hear a deafening roar!
You hear a shout! x4
You see here a scroll of identify.
Unknown command.
You puncture the fire giant!
You bite the fire giant, but do no damage.
The fire giant is lightly wounded.
The fire giant misses you. The golden dragon bites you!!
* * * LOW HITPOINT WARNING * * *
The golden dragon claws you!
* * * LOW HITPOINT WARNING * * *
The golden dragon tramples you.
* * * LOW HITPOINT WARNING * * *
You hold your ground!
Okay, then.
Unknown command.
Blink to where?
Press: ? - help, Dir - move target cursor You are very lightly contaminated with residual magic.
As you read the scroll of blinking, it crumbles to dust.
Your surroundings suddenly seem different.
A shadow dragon comes into view.
The shadow dragon breathes negative energy at you.
The bolt of negative energy hits you!
You feel drained.
You die...

,,*,,,*,,,*,,,*,.......p.....,,,,
,*,*,*,*,*.#,*,*.#.#.......##..,,
*,,,*,,,*.,.#,,,#C.#....#C##**#.W
,*,*,*,*,#.*.#,*.#,#....#.#* #,#
,,*,,,*,,,#.,.#,,,##....#..####'#
,***,*,*,**#$*.#,#D#....#....'..C
** **,,,** *#.,.#.,#,,,,#...##...
,** **,** **,#.#.#.#,,,,#..,*##[.
,,** *** **,,,#.@.#*,,,,#.,,,*##"
,*,** **,*,*##[#.#,,,,#,,,,,*#.
*,,,* *,,,** ##),#,,,,*,,,,,*##
,*,** **,*,***,#$*,,,,*,,,,,,*#
,,** *** **,,,*,,,##,,,,*,,,,,,,*
,** **,** **,*,*,*,*,,,,*,,,,,,,*
** **,,,** **,,,*,,*,,,,*,,,,,,**
,***,*,*,***,*,*,*,*,,,,*,,,,,***
,,*,,,*,,,*,,,*,,,**,,,,*,,,,****


You could see a shadow dragon.

Vanquished Creatures
  A juggernaut (Depths:5)
  Sojobo (Depths:5)
  Boris (Depths:4)
  Margery (Depths:3)
  Geryon (Hell)
  2 golden dragons
  A bone dragon (Depths:5)
  Arachne (Spider:4)
  A hellephant (Depths:4)
  8 liches
  2 tentacled monstrosities
  9 sphinxes
  Polyphemus (Shoals:2)
  Murray (Hell)
  2 ancient champions (Vaults:2)
  Kirke (D:13)
  6 tengu reavers
  A storm dragon (Vaults:4)
  A draconian monk (Depths:5)
  3 shadow dragons
  12 fire giants
  Ilsuiw (Shoals:4)
  12 frost giants
  A draconian knight (Depths:5)
  An iron dragon (Depths:5)
  A balrug (Depths:3)
  An orc warlord (Orc:2)
  12 vault wardens
  A draconian scorcher (Depths:5)
  A ghost moth (Spider:4)
  5 emperor scorpions
  24 very ugly things
  2 reapers
  A war gargoyle (Depths:1)
  15 stone giants
  4 spriggan defenders
  The ghost of nht the Black Belt, a journeyman OpBe of Trog (Orc:1)
  11 ironheart preservers
  3 green draconians (Depths:5)
  4 entropy weavers
  8 vampire knights
  A lorocyproca (Hell)
  3 deep elf annihilators
  Azrael (D:13)
  10 dire elephants
  A deep elf demonologist (Vaults:4)
  Nessos (Lair:6)
  A yellow draconian (Depths:5)
  A red draconian (Depths:5)
  A white draconian (Depths:5)
  6 ettins
  11 spark wasps
  2 deep elf death magi
  3 blizzard demons
  A crystal guardian (Vaults:3)
  16 fire dragons
  10 merfolk impalers
  A jiangshi (Vaults:2)
  8 merfolk javelineers
  17 ogre magi
  9 yaktaur captains
  15 great orbs of eyes
  13 ice dragons
  21 vault guards
  3 rakshasas
  8 hydras
  3 spriggan air magi
  A catoblepas (Shoals:1)
  2 alligator snapping turtles (Shoals:3)
  12 centaur warriors
  42 two-headed ogres
  A death knight (Vaults:3)
  3 merfolk avatars
  2 death yaks
  5 merfolk aquamancers
  4 satyrs
  6 hell hogs
  A death yak (shapeshifter) (Depths:2)
  9 deep troll shamans
  The ghost of sveltemanboy the Cleaver, a novice DsMo of Ru (D:11)
  12 deep troll earth magi
  8 tengu warriors
  A thrashing horror (Abyss:1)
  5 spriggan berserkers
  A vampire mage (Depths:3)
  Urug (D:13)
  4 orc high priests (Orc:2)
  4 soul eaters
  2 deep elf knights (Vaults:3)
  10 hell knights
  3 sun demons (Hell)
  4 iron trolls
  8 skeletal warriors
  The ghost of Gorice the Jinx, a novice KoEn of Okawaru (D:8)
  17 sea snakes
  A gelid demonspawn (Depths:3)
  33 deep trolls
  6 flayed ghosts
  2 deep elf archers
  9 wizards
  A swamp dragon (shapeshifter) (Depths:3)
  3 unseen horrors
  7 glowing orange brains
  A torturous demonspawn (Depths:3)
  20 harpies
  11 phantasmal warriors
  14 orb spiders
  19 ironbrand convokers
  A wolf spider zombie (D:15)
  8 deep elf magi
  30 fauns
  7 necromancers
  18 orc knights
  6 orc sorcerers
  65 ugly things
  32 wolf spiders
  A cyclops (shapeshifter) (D:15)
  An oklob plant (Lair:6)
  19 manticores
  12 elephants
  2 moths of wrath
  8 cyclopes
  5 merfolk sirens
  The ghost of Duffy the Chopper, a novice NaFi (D:6)
  15 vault sentinels
  A black mamba (shapeshifter) (Depths:5)
  8 black mambas
  9 water nymphs
  A smoke demon (Depths:3)
  A rust devil (Depths:1)
  Psyche (D:10)
  3 naga magi
  A gargoyle (D:11)
  13 spiny frogs
  A torpor snail (Spider:1)
  2 yaktaurs (shapeshifter)
  3 kobold demonologists (D:13)
  3 rime drakes
  54 yaktaurs
  An efreet (D:14)
  14 demonic crawlers
  2 guardian mummies (D:12)
  An ice devil (Hell)
  11 komodo dragons
  An anaconda simulacrum (Hell)
  11 freezing wraiths
  A yaktaur skeleton (Vaults:4)
  A red devil (Hell)
  2 hydra zombies (Hell)
  26 hornets
  5 trolls
  30 jumping spiders
  A wind drake (shapeshifter) (Depths:1)
  8 tengu conjurers
  6 polar bears
  42 merfolk
  17 blink frogs
  2 wind drakes (Shoals:2)
  25 slime creatures
  An alligator zombie (Hell)
  2 hydra skeletons
  3 dream sheep (Shoals:1)
  A fire giant simulacrum (Vaults:4)
  A snapping turtle (shapeshifter) (Vaults:1)
  2 hippogriffs (shapeshifter)
  19 hippogriffs
  8 snapping turtles
  2 shadows
  An ettin skeleton (Vaults:4)
  2 ynoxinuls
  24 tarantellas
  An alligator skeleton (Hell)
  6 air elementals
  76 redbacks
  9 spriggans
  A vampire (D:12)
  4 wraiths
  12 fire elementals
  2 hogs (D:13)
  A fire bat (Abyss:1)
  17 water elementals
  33 yaks
  A golden eye (shapeshifter) (Vaults:3)
  5 hungry ghosts
  3 vampire mosquitoes (D:15)
  6 basilisks
  A human simulacrum (Vaults:4)
  A soldier ant (shapeshifter) (D:15)
  2 wargs
  A warg (shapeshifter) (Depths:4)
  9 hell hounds
  A hydra simulacrum (Hell)
  4 acid dragons
  A floating eye (Depths:4)
  10 porcupines
  19 water moccasins
  2 spiny frog skeletons (Hell)
  A necrophage (D:8)
  44 orc warriors
  An eye of draining (D:15)
  An eye of draining (shapeshifter) (Vaults:2)
  A black bear (shapeshifter) (D:15)
  A black bear (Lair:3)
  An elf zombie (Vaults:4)
  8 ice beasts
  2 phantoms
  3 sky beasts
  35 ogres
  8 boggarts
  7 wolves
  13 centaurs
  3 big kobolds
  19 crocodiles
  2 human zombies (Vaults:4)
  14 bullfrogs
  A gnoll sergeant (D:7)
  A deep troll simulacrum (Vaults:4)
  2 water moccasin zombies
  3 troll zombies (D:9)
  25 killer bees
  11 wights
  13 howler monkeys
  2 electric eels
  2 vampire bats (D:15)
  6 crimson imps
  3 centaur zombies
  7 jellies
  11 centaur skeletons
  A gnoll shaman (D:6)
  26 orc priests
  A bullfrog skeleton (D:12)
  10 hounds
  31 orc wizards
  2 iron imps (Depths:3)
  7 iguanas
  An iguana (shapeshifter) (Vaults:4)
  14 worker ants
  5 ogre zombies (D:9)
  2 worker ant zombies
  13 gnolls
  14 adders
  A hound simulacrum (D:8)
  8 shadow imps
  4 white imps
  A worker ant simulacrum (D:8)
  7 ufetubi
  7 oozes
  An adder zombie (D:9)
  An adder skeleton (D:5)
  A worm (D:3)
  4 dart slugs
  3 leopard geckos
  101 orcs
  6 giant cockroaches
  8 goblins
  7 hobgoblins
  16 jackals
  20 kobolds
  5 quokkas
  3 ball pythons
  9 bats
  15 frilled lizards
  2 goblin zombies (D:9)
  2 hobgoblin skeletons (D:9)
  4 hobgoblin zombies (D:9)
  3 orc skeletons (D:9)
  14 orc zombies (D:9)
  11 rats
  A fungus (Lair:5)
  4 plants
2110 creatures vanquished.

Vanquished Creatures (collateral kills)
  An ancient lich (Depths:1)
  2 juggernauts (Depths:3)
  The ghost of Paps the Basher, an adept DsFi of Okawaru (Spider:4)
  The ghost of Agrougrou the Peltast, an adept FoFi of Okawaru (Shoals:1)
  2 vault wardens (Vaults:3)
  Louise (Spider:1)
  An ironheart preserver (Vaults:3)
  A deep elf annihilator (Depths:1)
  An ettin (Depths:4)
  A merfolk impaler (Shoals:2)
  3 vault guards
  A hydra (Lair:6)
  A merfolk avatar (Shoals:3)
  2 sea snakes
  An orc knight (Vaults:3)
  An elephant (Lair:6)
  A faun (Shoals:2)
  A merfolk siren (Shoals:2)
  A water nymph (Shoals:3)
  A demonic crawler (Spider:1)
  3 merfolk
  A jumping spider (Spider:1)
  A wind drake (Lair:6)
  2 water elementals (Shoals:3)
  A water moccasin (Lair:6)
  A bullfrog (Lair:6)
34 creatures vanquished.

Vanquished Creatures (others)
  A hell hog (Hell)
  A wizard (D:14)
  A boggart (Depths:1)
  An ogre (Depths:2)
  A wight (Hell)
  An adder (D:7)
  An orc (Vaults:4)
  90 fungi
  117 plants
214 creatures vanquished.

Grand Total: 2358 creatures vanquished

Action                   |  1- 3 |  4- 6 |  7- 9 | 10-12 | 13-15 | 16-18 | 19-21 | 22-24 | 25-27 || total
-------------------------+-------+-------+-------+-------+-------+-------+-------+-------+-------++-------
Melee: Mace              |   130 |   181 |   520 |   158 |       |       |       |       |       ||   989
       Bite              |    12 |    20 |    69 |   148 |   268 |   478 |   591 |   662 |   148 ||  2396
       Morningstar       |       |       |       |   556 |       |       |       |       |       ||   556
       Eveningstar       |       |       |       |   181 |  1428 |   935 |       |       |   669 ||  3213
       Demon trident     |       |       |       |       |       |  1605 |  2962 |  2962 |    28 ||  7557
 Fire: Blowgun           |       |       |       |       |       |    45 |       |       |       ||    45
Throw: Tomahawk          |       |     2 |     2 |     4 |       |       |       |       |       ||     8
       Javelin           |       |       |       |     7 |     9 |    48 |    27 |    21 |    29 ||   141
       Throwing net      |       |       |       |       |       |       |     3 |    17 |       ||    20
Invok: Berserk           |     1 |     2 |     7 |     8 |     5 |    17 |    11 |    10 |     4 ||    65
       Burn Spellbooks   |       |       |     1 |       |     1 |     3 |     1 |     1 |       ||     7
       Trog's Hand       |       |       |       |     2 |     1 |     5 |    28 |    28 |     6 ||    70
       Brothers in Arms  |       |       |       |       |     1 |     7 |     4 |     4 |     1 ||    17
Evoke: Wand              |       |       |       |     7 |    35 |    23 |    21 |    33 |     5 ||   124
  Use: Scroll            |       |    12 |     8 |    12 |     8 |    16 |    15 |     3 |     7 ||    81
       Potion            |       |       |       |       |     4 |     8 |     3 |    14 |     4 ||    33
 Stab: Sleeping          |       |       |     1 |     1 |       |       |       |       |       ||     2
       Distracted        |       |       |       |     3 |     1 |     1 |       |     3 |       ||     8
       Confused          |       |       |       |       |       |     2 |     4 |       |       ||     6
       Held in net/web   |       |       |       |       |       |       |     4 |    17 |       ||    21
  Eat: Chunk             |     3 |     7 |    13 |    17 |    25 |    27 |    35 |    28 |    11 ||   166
       Bread ration      |       |       |     2 |     1 |       |     3 |     3 |     4 |     1 ||    14
       Fruit             |       |       |     3 |     5 |       |    12 |     3 |     2 |       ||    25
       Royal jelly       |       |       |     3 |     5 |     7 |     5 |     1 |     3 |       ||    24
       Meat ration       |       |       |       |       |       |     3 |     4 |     4 |     2 ||    13
Armor: Animal skin       |    11 |       |       |       |       |       |       |       |       ||    11
       Chain mail        |    32 |       |       |       |       |       |       |       |       ||    32
       Ring mail         |     2 |    45 |   179 |   180 |   115 |       |       |       |       ||   521
       Plate armour      |       |       |       |       |   347 |  1235 |   298 |       |       ||  1880
       Scale mail        |       |       |       |       |       |       |   252 |   504 |   219 ||   975
Dodge: Dodged            |    75 |    98 |   486 |   534 |   701 |  1398 |  1295 |  1238 |   540 ||  6365
Block: Buckler           |       |       |     2 |   313 |   545 |  1147 |   938 |   793 |   344 ||  4082

Action                   |  1- 3 |  4- 6 |  7- 9 | 10-12 | 13-15 | 16-18 | 19-21 | 22-24 | 25-27 || total
-------------------------+-------+-------+-------+-------+-------+-------+-------+-------+-------++-------
Melee: Mace              |   130 |   181 |   520 |   158 |       |       |       |       |       ||   989
       Bite              |    12 |    20 |    69 |   148 |   268 |   478 |   591 |   662 |   148 ||  2396
       Morningstar       |       |       |       |   556 |       |       |       |       |       ||   556
       Eveningstar       |       |       |       |   181 |  1428 |   935 |       |       |   669 ||  3213
       Demon trident     |       |       |       |       |       |  1605 |  2962 |  2962 |    28 ||  7557
 Fire: Blowgun           |       |       |       |       |       |    45 |       |       |       ||    45
Throw: Tomahawk          |       |     2 |     2 |     4 |       |       |       |       |       ||     8
       Javelin           |       |       |       |     7 |     9 |    48 |    27 |    21 |    29 ||   141
       Throwing net      |       |       |       |       |       |       |     3 |    17 |       ||    20
Invok: Berserk           |     1 |     2 |     7 |     8 |     5 |    17 |    11 |    10 |     4 ||    65
       Burn Spellbooks   |       |       |     1 |       |     1 |     3 |     1 |     1 |       ||     7
       Trog's Hand       |       |       |       |     2 |     1 |     5 |    28 |    28 |     6 ||    70
       Brothers in Arms  |       |       |       |       |     1 |     7 |     4 |     4 |     1 ||    17
Evoke: Wand              |       |       |       |     7 |    35 |    23 |    21 |    33 |     5 ||   124
  Use: Scroll            |       |    12 |     8 |    12 |     8 |    16 |    15 |     3 |     7 ||    81
       Potion            |       |       |       |       |     4 |     8 |     3 |    14 |     4 ||    33
 Stab: Sleeping          |       |       |     1 |     1 |       |       |       |       |       ||     2
       Distracted        |       |       |       |     3 |     1 |     1 |       |     3 |       ||     8
       Confused          |       |       |       |       |       |     2 |     4 |       |       ||     6
       Held in net/web   |       |       |       |       |       |       |     4 |    17 |       ||    21
  Eat: Chunk             |     3 |     7 |    13 |    17 |    25 |    27 |    35 |    28 |    11 ||   166
       Bread ration      |       |       |     2 |     1 |       |     3 |     3 |     4 |     1 ||    14
       Fruit             |       |       |     3 |     5 |       |    12 |     3 |     2 |       ||    25
       Royal jelly       |       |       |     3 |     5 |     7 |     5 |     1 |     3 |       ||    24
       Meat ration       |       |       |       |       |       |     3 |     4 |     4 |     2 ||    13
Armor: Animal skin       |    11 |       |       |       |       |       |       |       |       ||    11
       Chain mail        |    32 |       |       |       |       |       |       |       |       ||    32
       Ring mail         |     2 |    45 |   179 |   180 |   115 |       |       |       |       ||   521
       Plate armour      |       |       |       |       |   347 |  1235 |   298 |       |       ||  1880
       Scale mail        |       |       |       |       |       |       |   252 |   504 |   219 ||   975
Dodge: Dodged            |    75 |    98 |   486 |   534 |   701 |  1398 |  1295 |  1238 |   540 ||  6365
Block: Buckler           |       |       |     2 |   313 |   545 |  1147 |   938 |   793 |   344 ||  4082
